 Dungeon Crawl Stone Soup version 0.31-a0-788-ga445dbd2db (webtiles) character file.

Game seed: 7460397889037332322

641 Steglits the Slasher (level 7, -5/52 HPs)
             Began as a Human Fighter on Sept 12, 2023.
             Was an Initiate of Trog.
             Slain by a gnoll bouda
             ... wielding a +0 whip of electrocution
              (14 damage)
             ... on level 6 of the Dungeon on Sept 18, 2023.
             The game lasted 00:18:09 (4671 turns).

Steglits the Slasher (Human Fighter)                Turns: 4671, Time: 00:18:11

Health: -5/52      AC: 12    Str: 18    XL:     7   Next: 81%
Magic:  7/7        EV:  9    Int:  8    God:    Trog [......]
Gold:   340        SH:  5    Dex: 13    Spells: 6/6 levels left

rFire   . . .        a - +1 long sword
rCold   + . .        c - +0 buckler
rNeg    . . .        b - +0 scale mail
rPois   .            F - +0 helmet
rElec   .            (no cloak)
rCorr   +            t - +0 pair of gloves
SInv    .            l - +2 pair of boots {rampage}
Will    .....        (no amulet) Stlth
                     p - ring of resist corrosion
HPRegen 0.28/turn    s - ring of protection from cold
MPRegen 0.10/turn

%: rampage
@: weakened
A: no striking features
a: Renounce Religion


You were on level 6 of the Dungeon.
You worshipped Trog.
Trog was noncommittal.
You visited 1 branch of the dungeon, and saw 6 of its levels.

You collected 400 gold pieces.
You spent 60 gold pieces at shops.

Inventory:

Hand Weapons
 a - a +1 long sword (weapon)
 q - a +1 vampiric dagger
 E - a +3 dagger
Armour
 b - a +0 scale mail (worn)
 c - a +0 buckler (worn)
 l - a +2 pair of boots of rampaging (worn)
 t - a +0 pair of gloves (worn)
 B - a +0 kite shield
 F - a +0 helmet (worn)
Jewellery
 p - a ring of resist corrosion (left hand)
 s - a ring of protection from cold (right hand)
Talismans
 v - a flux talisman
Wands
 d - a wand of light (11)
Scrolls
 e - a scroll of noise {unknown}
 f - 4 scrolls of fear
 i - 2 scrolls of vulnerability {unknown}
 k - 3 scrolls of teleportation
 n - a scroll of silence {unknown}
 r - 2 scrolls of amnesia {unknown}
 u - a scroll of torment {unknown}
 w - 7 scrolls of identify
 x - a scroll of enchant weapon
 y - 2 scrolls of fog {unknown}
 C - a scroll of brand weapon {unknown}
 H - a scroll of immolation {unknown}
Potions
 g - 2 potions of mutation {unknown}
 h - 3 potions of curing
 j - a potion of attraction {unknown}
 m - a potion of enlightenment {unknown}
 o - a potion of degeneration {unknown}
 z - a potion of resistance {unknown}
 A - a potion of cancellation {unknown}
 D - 2 potions of haste {unknown}
 G - a potion of berserk rage {unknown}


   Skills:
 - Level 3.0 Fighting
 - Level 7.0 Long Blades
 + Level 3.9 Armour
 - Level 4.3 Shields


You had 6 spell levels left.
You didn't know any spells.
Your spell library contained the following spells:

 Spells                   Type           Power      Damage    Failure   Level
 Apportation              Tloc           0%         N/A       86%         1
 Blink                    Tloc           0%         N/A       94%         2
 Lesser Beckoning         Tloc           0%         N/A       94%         2
 Momentum Strike          Conj/Tloc      0%         3d8       94%         2
 Stone Arrow              Conj/Erth      0%         3d7       99%         3
 Animate Armour           Summ/Erth      0%         N/A       100%        4
 Lehudib's Crystal Spear  Conj/Erth      0%         10d2      100%        8


Dungeon Overview and Level Annotations

Branches:
Dungeon (6/15)
 Temple: D:4-7

Altars:
Cheibriados
Elyvilon
Qazlal
Trog
Vehumet

Shops:
D:4 ?

Annotations:
D:4 exclusion: statue


Message History

Trog accepts your kill.
A black bear comes into view.
You rampage towards the gnoll bouda!
You barely miss the gnoll bouda.
The gnoll bouda gazes fiercely through you!
You feel your attacks grow feeble.
The gnoll bouda hits you with a +0 whip of electrocution!
You are electrocuted!
You don't know any spells.
Press: ? - help, v - describe, . - travel
Here: a gnoll, wielding a +0 whip (covering ground quickly)
The floor.
You see here a +0 whip.
The gnoll bouda gazes fiercely through you!
You feel as though you will be weak longer.
You hit the gnoll bouda.
The gnoll bouda is moderately wounded.
The gnoll bouda hits you with a +0 whip of electrocution.
You hit the gnoll bouda.
The gnoll bouda is moderately wounded.
The gnoll bouda barely misses you.
You barely miss the gnoll bouda.
The gnoll bouda is moderately wounded.
The gnoll bouda gazes fiercely through you!
You feel as though you will be weak longer.
You block the gnoll bouda's attack.
You closely miss the gnoll bouda.
The gnoll bouda is moderately wounded.
The gnoll bouda barely misses you.
You hit the gnoll bouda.
The gnoll bouda is heavily wounded.
The gnoll is no longer moving quickly.
You block the gnoll bouda's attack.
You barely miss the gnoll bouda.
The gnoll bouda is heavily wounded.
The gnoll bouda hits you with a +0 whip of electrocution.
You are electrocuted!!
* * * LOW HITPOINT WARNING * * *
The gnoll bouda hits you but does no damage.
You are electrocuted!
You die...

....#####
.gg.g...#
#.# #.# #g#
#h# #g###
#g#.# #@#.#
#.#.#
.#####.#.#
#.........#
........#.#
#..######.#
#. #<# ###


You could see a black bear, a gnoll bouda and 2 gnolls.

Vanquished Creatures
  Menkaure (D:5)
  An ogre (D:4)
  2 scorpions
  A jelly (D:5)
  An iguana (D:4)
  An orc wizard (D:5)
  9 gnolls
  5 adders
  A shadow imp (D:5)
  An ufetubus (D:5)
  2 worms (D:2)
  3 dart slugs
  4 orcs
  5 ball pythons
  5 endoplasms
  4 giant cockroaches
  11 goblins
  5 hobgoblins
  6 jackals
  5 quokkas
  3 bats
  2 frilled lizards
  A kobold (D:2)
  9 rats
88 creatures vanquished.

Notes
Turn   | Place    | Note
-------+----------+-------------------------------------------
     0 | D:1      | Steglits the Human Fighter began the quest for the Orb.
     0 | D:1      | Reached XP level 1. HP: 18/18 MP: 1/1
   218 | D:1      | Reached XP level 2. HP: 24/24 MP: 2/2
   303 | D:1      | Reached skill level 3 in Long Blades
   432 | D:1      | Reached XP level 3. HP: 29/29 MP: 3/3
  1352 | D:2      | Reached XP level 4. HP: 35/35 MP: 4/4
  1550 | D:2      | Reached skill level 4 in Long Blades
  2017 | D:3      | Upgraded the game from 0.31-a0-731-ga75f04deac to
                  | 0.31-a0-788-ga445dbd2db
  2140 | D:3      | Found a white marble altar of Elyvilon.
  2476 | D:3      | Found a faded altar of an unknown god.
  2511 | D:4      | Found a radiant altar of Vehumet.
  2511 | D:4      | Noticed a charred statue
  2582 | D:4      | Found a snail-covered altar of Cheibriados.
  2708 | D:4      | Noticed an ogre
  2715 | D:4      | Killed an ogre
  2716 | D:4      | Reached skill level 5 in Long Blades
  2716 | D:4      | Reached XP level 5. HP: 13/41 MP: 5/5
  2722 | D:4      | Reached XP level 6. HP: 19/47 MP: 6/6
  2933 | D:4      | Reached skill level 6 in Long Blades
  3035 | D:4      | Found Farutud's Magic Scroll Emporium.
  3047 | D:4      | Bought a scroll of identify for 24 gold pieces
  3047 | D:4      | Bought a scroll of teleportation for 36 gold pieces
  3595 | D:5      | Entered Level 5 of the Dungeon
  3744 | D:5      | Reached skill level 7 in Long Blades
  3744 | D:5      | Reached XP level 7. HP: 38/52 MP: 7/7
  3831 | D:5      | Noticed Menkaure
  3838 | D:5      | Killed Menkaure
  4069 | D:5      | Found a stormy altar of Qazlal.
  4514 | D:5      | Found a bloodstained altar of Trog.
  4520 | D:5      | Got grimy book
  4523 | D:5      | Became a worshipper of Trog the Wrathful
  4671 | D:6      | Slain by a gnoll bouda

Illustrated notes

Levels and vault maps discovered:
D:1:      orjb1_clovarrival, layout_basic, minmay_vboxes
D:2:      layout_basic, minmay_tall_x
D:3:      layout_rooms, lemuel_crystal_altar, shapermc_ecumenical_altar_petra,
          chequers_avenue
D:4:      layout_loops_ring, vehumet_statue,
          mainiacjoe_overflow_surrounded_room, serial_shops,
          nicolae_shop_getting_attention
D:5:      layout_loops_ring, trog_book, grunt_qazlal_sundering, uniq_menkaure
D:6:      layout_basic, nemelex_dance_club_becter, mainiacjoe_overflow_alcove_1,
          minmay_temple_entry_large_hall, serial_shops, kennysheep_mini,
          uniq_jeremiah

Skill      XL: |  1  2  3  4  5  6  7 |
---------------+----------------------+-----
Long Blades    | 3 5 7 |  7.0
Shields        | 4 |  4.3
Fighting       | |  3.0
Armour         | |  3.9

Action                     |  1- 3 |  4- 6 |  7- 9 || total
---------------------------+-------+-------+-------++-------
  Melee: Long sword        |   118 |   226 |    51 ||   395
    Use: Potion            |       |     2 |       ||     2
         Scroll            |       |     2 |       ||     2
 Armour: Scale mail        |    79 |   150 |    34 ||   263
  Dodge: Dodged            |    55 |    73 |    22 ||   150
  Block: Buckler           |    29 |    12 |    11 ||    52
         Kite shield       |       |    68 |       ||    68

Table legend: (Time is in decaauts)
 A = Elapsed time spent in this place.
 B = Non-inter-level travel time spent in this place.
 C = Inter-level travel time spent in this place.
 D = Time resting spent in this place.
 E = Time spent auto-exploring this place.
 F = Levels seen in this place.
 G = Mean time per level.
                   A        B        C        D        E       F      G
               +--------+--------+--------+--------+--------+-----+--------+
         Total |   4778 |   4656 |    122 |    416 |   3178 |   6 |  796.3 |
       Dungeon |   4778 |   4656 |    122 |    416 |   3178 |   6 |  796.3 |
               +--------+--------+--------+--------+--------+-----+--------+

Top non-repeatable levels by time:
     D:1: 1111 daAuts
     D:4: 1023 daAuts
     D:5: 1020 daAuts
     D:2: 945 daAuts
     D:3: 644 daAuts
     D:6: 33 daAuts
